 Dungeon Crawl Stone Soup version 0.16-a0-3933-g06ce5c0 (webtiles) character file.

883 abixa the Martial Artist (level 8, -3/44 HPs)
             Began as a Vine Stalker Monk on Feb 5, 2015.
             Slain by an orc warrior
             ... wielding a +0 hand axe
              (12 damage)
             ... on level 6 of the Dungeon.
             The game lasted 00:19:08 (4568 turns).

abixa the Martial Artist (Vine Stalker Monk)        Turns: 4568, Time: 00:19:09

Health: -3/44      AC:  5    Str: 14    XL:     8   Next: 5%
Magic:  0/11       EV: 12    Int: 12    God:
Gold:   318        SH:  0    Dex: 17    Spells: 0 memorised, 7 levels left

rFire  . . .     SeeInvis .       - Unarmed
rCold  . . .     Clarity  .     P - +0 troll leather armour {Purgy}
rNeg   + . .     SustAb   .     (no shield)
rPois  .         Gourm    .     u - +0 helmet
rElec  .         Spirit   +     (no cloak)
rCorr  .         Warding  +     (no gloves)
rMut   .         Stasis   .     (no boots)
MR     +....                    v - amulet of warding
Stlth  ++........               K - ring of wizardry
                                q - ring of wizardry

@: somewhat resistant to hostile enchantments, unstealthy
A: fangs 3, regeneration 2, magic shield, antimagic bite, no device heal 3, rot
immunity
a: no special abilities


You were on level 6 of the Dungeon.
You were not hungry.

You visited 1 branch of the dungeon, and saw 6 of its levels.
You also visited: Sewer.

You collected 318 gold pieces.

Inventory:

Hand weapons
 b - a +0 blowgun
 t - a +2 spear of freezing
 D - a +0 dagger of pain
 I - a cursed -3 dagger
 J - a +0 hunting sling
Missiles
 e - 53 poisoned needles
 i - 238 stones (quivered)
 w - 7 tomahawks
 B - 6 javelins
 E - a throwing net
Armour
 p - a +0 scale mail
 u - a +0 helmet (worn)
 P - a +0 troll leather armour (worn) {Purgy}
Jewellery
 n - an uncursed amulet of resist mutation
 q - a ring of wizardry (left hand)
 v - an amulet of warding (around neck)
 y - an uncursed amulet of faith
 K - a ring of wizardry (right hand)
Magical devices
 H - a wand of magic darts (21)
Scrolls
 a - a scroll of enchant armour
 c - a scroll of magic mapping
 h - 4 scrolls of teleportation
 k - 4 scrolls of enchant weapon
 l - a scroll of fear
 o - a scroll of remove curse
 r - a scroll of random uselessness {unknown}
 F - a scroll of amnesia {unknown}
 L - 2 scrolls of fog
Potions
 d - 2 potions of might {unknown}
 m - 4 potions of curing
 s - a potion of cancellation {unknown}
 x - a potion of invisibility {unknown}
 z - 2 potions of magic {unknown}
 A - a potion of heal wounds {unknown}
 C - a potion of berserk rage {unknown}
 M - a potion of haste {unknown}
 N - a potion of brilliance {unknown}
Comestibles
 f - 3 beef jerkies
 g - 4 meat rations
 G - 6 bread rations
 O - 2 chunks of flesh


   Skills:
 + Level 5.5 Fighting
 + Level 2.4 Dodging
 - Level 2.4 Stealth
 * Level 8.1 Unarmed Combat


You had 7 spell levels left.
You didn't know any spells.

Dungeon Overview and Level Annotations

Branches:
Dungeon (6/15)
 Temple: D:4-7

Altars:
Fedhas
Kikubaaqudgha
Vehumet
The Shining One

Shops:
D:5 =

Annotations:
D:6 1 exclusion


Innate Abilities, Weirdness & Mutations

You have razor-sharp teeth.
You heal very quickly.
When hurt, damage is shared between your health and your magic reserves.
Your bite disrupts and absorbs the magic of your enemies.
Potions and wands cannot restore your health.
You are immune to rotting.


Message History

The orc warrior hits you with a hand axe.
You barely miss the orc warrior.
The orc warrior is moderately wounded.
The orc wizard mumbles some strange words.
The orc wizard seems to speed up.
You hit the orc warrior.
The orc warrior is heavily wounded.
The orc warrior hits you with a hand axe!!
* * * LOW HITPOINT WARNING * * *
The orc wizard casts a spell.
The orc wizard flickers and vanishes!
Deactivating autopickup; reactivate with Ctrl-A.
Found a stone staircase leading up.
The puff of frost hits you!
* * * LOW HITPOINT WARNING * * *
The puff of frost hits you!
* * * LOW HITPOINT WARNING * * *
There is a stone staircase leading up here.
The orc warrior hits you with a hand axe!
You die...

...............#.####.....
..............#......#.#.
.............+..........
.............#.....##.##
..............#.....##.#
..............#.....##.##
..............########...
...............##########
........@o..o........#
..............#..#########
............o.......oo.÷.
...............)..#.#####
............≈≈≈.....###
..........≈≈≈≈≈......#
......#..≈≈.≈≈..#...#
........≈≈≈≈≈..#...#
##....≈≈≈.......#


You could see an orc warrior and 2 orcs.

Vanquished Creatures
  2 sky beasts
  Purgy (Sewer)
  A centaur (D:5)
  A big kobold (D:4)
  A scorpion (D:5)
  A hound (D:4)
  An orc priest (D:4)
  An orc wizard (D:5)
  An iguana (D:5)
  A worker ant (D:4)
  3 gnolls
  Robin (D:3)
  7 adders
  3 giant mites
  2 worms
  An adder skeleton (D:4)
  2 giant geckos
  10 orcs
  9 bats
  A bat skeleton (D:4)
  5 giant cockroaches
  25 goblins
  12 hobgoblins
  3 jackals (D:3)
  3 oozes
  3 quokkas
  4 ball pythons
  5 giant newts
  15 kobolds
  9 rats
  A plant (D:4)
135 creatures vanquished.

Notes
Turn   | Place    | Note
--------------------------------------------------------------
     0 | D:1      | abixa, the Vine Stalker Monk, began the quest for the Orb.
     0 | D:1      | Reached XP level 1. HP: 11/11 MP: 1/1
   230 | D:1      | Reached XP level 2. HP: 16/16 MP: 3/3
   609 | D:2      | Reached XP level 3. HP: 19/19 MP: 4/4
   642 | D:2      | Reached skill level 5 in Unarmed Combat
   967 | D:2      | Found an ancient bone altar of Kikubaaqudgha.
   974 | D:2      | Reached XP level 4. HP: 18/23 MP: 3/5
  1022 | D:2      | Found a glowing golden altar of the Shining One.
  1025 | D:2      | Found a blossoming altar of Fedhas.
  1462 | D:3      | Noticed Robin
  1488 | D:3      | Killed Robin
  1583 | D:3      | Noticed a sky beast
  1705 | D:2      | Killed a sky beast
  1705 | D:2      | Reached skill level 6 in Unarmed Combat
  1705 | D:2      | Reached XP level 5. HP: 16/29 MP: 4/7
  1778 | D:3      | Gained mutation: You heal very quickly. [vine stalker growth]
  1778 | D:3      | Reached XP level 6. HP: 25/33 MP: 6/8
  3130 | D:4      | Reached XP level 7. HP: 35/38 MP: 9/9
  3321 | D:5      | Entered Level 5 of the Dungeon
  3350 | D:5      | Reached skill level 5 in Fighting
  3350 | D:5      | Reached skill level 7 in Unarmed Combat
  3703 | D:5      | Found a radiant altar of Vehumet.
  4106 | D:5      | Found Ciaggaax's Jewellery Shop.
  4236 | D:6      | Found a glowing drain.
  4282 | Sewer    | Entered a sewer
  4384 | Sewer    | Noticed Purgy
  4399 | Sewer    | Killed Purgy
  4399 | Sewer    | Reached skill level 8 in Unarmed Combat
  4399 | Sewer    | Gained mutation: You have razor-sharp teeth. [vine stalker growth]
  4399 | Sewer    | Reached XP level 8. HP: 31/44 MP: 11/11
  4568 | D:6      | Slain by an orc warrior

Action                   |  1- 3 |  4- 6 |  7- 9 || total
-------------------------+-------+-------+-------++-------
Melee: Unarmed           |    69 |   259 |   185 ||   513
 Fire: Blowgun           |       |       |    11 ||    11
Throw: Stone             |     7 |       |       ||     7
  Use: Scroll            |       |       |     9 ||     9
 Stab: Sleeping          |     4 |       |       ||     4
       Distracted        |     1 |       |       ||     1
  Eat: Chunk             |       |     7 |     5 ||    12
